 Dungeon Crawl Stone Soup version 0.16-a0-3724-gf14d081 (webtiles) character file.

54 Gorice the Sneak (level 4, -1/26 HPs)
             Began as a Kobold Wanderer on Jan 21, 2015.
             Slain by a quokka (2 damage)
             ... on level 2 of the Dungeon.
             The game lasted 00:09:12 (1434 turns).

Gorice the Sneak (Kobold Wanderer)                  Turns: 1434, Time: 00:09:13

Health: -1/26      AC: 10    Str: 20    XL:     4   Next: 12%
Magic:  4/4        EV: 12    Int: 13    God:
Gold:   50         SH:  0    Dex: 15    Spells: 0 memorised, 3 levels left

rFire  . . .     SeeInvis .     a - +0 short sword
rCold  . . .     Clarity  .     e - +2 scale mail
rNeg   . . .     SustAb   .     (no shield)
rPois  +         Gourm    .     (no helmet)
rElec  .         Spirit   .     (no cloak)
rCorr  .         Warding  .     (no gloves)
rMut   .         Stasis   .     i - +1 pair of boots
MR     .....                    (no amulet)
Stlth  +.........               s - ring of poison resistance
                                p - +2 ring of strength

@: mighty, brilliant, lethally poisoned, not resistant to hostile enchantments,
very unstealthy
A: carnivore 3
a: no special abilities


You were on level 2 of the Dungeon.
You were completely stuffed.

You visited 1 branch of the dungeon, and saw 2 of its levels.

You collected 50 gold pieces.

Inventory:

Hand weapons
 a - a +0 short sword (weapon)
 b - a +0 blowgun
 d - a +0 dagger
 m - a +0 mace
 n - a +0 hunting sling
Missiles
 c - 12 poisoned needles
 Z - 6 stones (quivered)
Armour
 e - a +2 scale mail (worn)
 i - a +1 pair of boots (worn)
 j - a +0 chain mail
Jewellery
 p - a +2 ring of strength (left hand)
 s - a ring of poison resistance (right hand)
Scrolls
 l - a scroll of enchant weapon {unknown}
 o - 2 scrolls of enchant armour
Comestibles
 f - a meat ration
 g - 4 chunks of flesh
 r - a beef jerky


   Skills:
 + Level 2.2 Fighting
 + Level 1.5 Short Blades
 - Level 2.0 Maces & Flails
   Level 1.0 Polearms
 - Level 1.3 Throwing
 - Level 2.4 Armour
 + Level 1.9 Dodging
 + Level 3.7 Stealth


You had 3 spell levels left.
You didn't know any spells.

Dungeon Overview and Level Annotations

Branches:
Dungeon (2/15)

Altars:


Innate Abilities, Weirdness & Mutations

You are small and have problems with some larger weapons.
You are carnivorous and can eat meat at any time.


Message History

* * * LOW HITPOINT WARNING * * *
The adder barely misses you.
Unknown command.
You miss the adder.
The adder is heavily wounded.
* * * LOW HITPOINT WARNING * * *
You feel sick. The adder closely misses you.
You closely miss the adder.
The adder is heavily wounded.
The adder bites you.
* * * LOW HITPOINT WARNING * * *
The adder barely misses you.
You hit the adder.
You kill the adder!
You have reached level 4!
* * * LOW HITPOINT WARNING * * *
You feel sick.
Unknown command.
You barely miss the quokka. The quokka bites you.
You die...

## .. #. # #. #.##S## #.....#
...#..#).#################.##
..........rr@......).........
.#.......####...####.########
#######.# #...# ##.....# ...
#...# #...<#.# .r..
#...###+####.# ....r.
###..........# .......
#.##....#### .......
#..+....# ### ######...###


You could see a quokka and a rat.

Vanquished Creatures
  2 adders
  A giant mite (D:1)
  5 goblins
  5 hobgoblins
  3 jackals (D:2)
  2 bats (D:1)
  A giant gecko (D:1)
  3 giant newts (D:1)
  5 kobolds (D:1)
  2 rats (D:1)
29 creatures vanquished.

Notes
Turn   | Place    | Note
--------------------------------------------------------------
     0 | D:1      | Gorice, the Kobold Wanderer, began the quest for the Orb.
     0 | D:1      | Gorice set off with: a +2 scale mail, a +0 mace, 13 poisoned needles, a +0 blowgun, a +0 dagger, a meat ration
     0 | D:1      | Reached XP level 1. HP: 12/12 MP: 1/1
   341 | D:1      | Reached skill level 1 in Dodging
   341 | D:1      | Reached XP level 2. HP: 16/16 MP: 2/2
   380 | D:1      | Reached skill level 3 in Stealth
   687 | D:1      | Reached skill level 1 in Short Blades
   687 | D:1      | Reached XP level 3. HP: 18/21 MP: 3/3
   923 | D:1      | Reached skill level 2 in Fighting
  1433 | D:2      | Reached XP level 4. HP: 2/26 MP: 4/4
  1433 | D:2      | HP: 1/26 [poisoned by an adder]
  1434 | D:2      | Slain by a quokka

Action                   |  1- 3 |  4- 6 || total
-------------------------+-------+-------++-------
Melee: Mace              |    33 |       ||    33
       Short sword       |    81 |     1 ||    82
 Fire: Blowgun           |     5 |       ||     5
  Use: Scroll            |     4 |       ||     4
       Potion            |     2 |       ||     2
  Eat: Chunk             |    10 |       ||    10

Table legend:
 A = Turns spent in this place as a percentage of turns spent in the entire game.
 B = Non-inter-level travel turns spent in this place as a percentage of non-inter-level travel turns spent in the entire game.
 C = Inter-level travel turns spent in this place as a percentage of turns spent in this place.
 D = Turns resting spent in this place as a percentage of non-inter-level travel turns spent in this place.
 E = Turns spent auto-exploring this place as a percentage of non-inter-level travel turns spent in this place.
 F = Non-inter-level travel turns spent in this place divided by the number of levels of this place that you've seen.
                   A       B       C       D       E      F
               +-------+-------+-------+-------+-------+----------------------
         Total | 100.0 | 100.0 |   0.2 |   1.0 |   6.0 | 257.0
       Dungeon | 100.0 | 100.0 |   0.2 |   1.0 |   6.0 | 257.0
               +-------+-------+-------+-------+-------+----------------------

Vault maps used:
D:1:      lightli_arrival_quake, serial_co_window_serial, co_window_cross_1,
          co_window_corner_a, co_window_corner_a, co_window_corner_a,
          co_window_corner_a, co_window_2corner, co_window_of_opportunity_c,
          co_window_of_opportunity_b, co_window_corner_b, co_window_broadway_c,
          co_window_broadway_b, co_window_corner_b, co_window_paths_d,
          glass_columns_b, glass_columns_a
